 Dungeon Crawl Stone Soup version 0.16.2-12-gd0ad4c3 (webtiles) character file.

77 dvd the Firebug (level 4, -20/24 HPs)
             Began as a Deep Elf Fire Elementalist on Sept 15, 2015.
             Was an Initiate of Vehumet.
             Killed from afar by an adder (44 damage)
             ... with an exploding inner flame
             ... hexed by the player character
             ... on level 2 of the Dungeon.
             The game lasted 00:11:58 (2232 turns).

dvd the Firebug (Deep Elf Fire Elementalist)        Turns: 2232, Time: 00:11:59

Health: -20/24     AC:  3    Str:  5    XL:     4   Next: 13%
Magic:  10/14      EV: 13    Int: 21    God:    Vehumet [......]
Gold:   13         SH:  0    Dex: 15    Spells: 3 memorised, 4 levels left

rFire  . . .     SeeInvis .     k - +0 dagger (venom)
rCold  . . .     Clarity  .     h - +0 robe
rNeg   . . .     SustAb   .     (no shield)
rPois  .         Gourm    .     (no helmet)
rElec  .         Spirit   .     j - +0 cloak
rCorr  .         Warding  .     (no gloves)
rMut   .         Stasis   .     (no boots)
MR     .....                    (no amulet)
Stlth  ++........               (no ring)
                                (no ring)

@: not resistant to hostile enchantments, unstealthy
A: no striking features
a: Renounce Religion


You were on level 2 of the Dungeon.
You worshipped Vehumet.
Vehumet was noncommittal.
You were not hungry.

You visited 1 branch of the dungeon, and saw 2 of its levels.

You collected 13 gold pieces.

Inventory:

Hand weapons
 k - a +0 dagger of venom (weapon)
Missiles
 f - 5 tomahawks (quivered)
Armour
 a - a +0 robe
 h - a +0 robe (worn)
 j - a +0 cloak (worn)
Jewellery
 n - an uncursed ring of ice {unknown}
Scrolls
 e - 2 scrolls of enchant armour {unknown}
 g - 3 scrolls of identify {unknown}
 i - a scroll of fog {unknown}
 m - a scroll of teleportation {unknown}
 o - a scroll of recharging {unknown}
Potions
 d - a potion of cure mutation {unknown}
Books
 b - a book of Flames

   Spells                             Type                      Level
   a - Flame Tongue                   Conjuration/Fire             1
   b - Throw Flame                    Conjuration/Fire             2
   c - Conjure Flame                  Conjuration/Fire             3
   d - Inner Flame                    Hexes/Fire                   3
   e - Sticky Flame                   Conjuration/Fire             4
   f - Fireball                       Conjuration/Fire             5
Comestibles
 c - 4 bread rations
 l - a meat ration


   Skills:
 + Level 2.7 Dodging
 + Level 3.4 Stealth
 + Level 3.7 Spellcasting
 + Level 1.8 Conjurations
 + Level 4.2 Fire Magic


You had 4 spell levels left.
You knew the following spells:

 Your Spells              Type           Power        Failure   Level  Hunger
a - Flame Tongue          Conj/Fire      ###..        4%          1    None
b - Throw Flame           Conj/Fire      ###...       8%          2    ##.....
c - Inner Flame           Hex/Fire       ##......     17%         3    ###....


Dungeon Overview and Level Annotations

Branches:
Dungeon (2/15)

Altars:
Vehumet


Message History

The adder barely misses you.
You barely miss the adder. The adder bites you but does no damage.
Casting: Inner Flame
Confirm with . or Enter, or press ? or * to list all spells.
Aiming: Flame Tongue
Press: ? - help, Shift-Dir - straight line, f/p - adder
Aim: an adder (inner flame)
The flame tongue hits the adder.
The adder is moderately wounded.
The adder barely misses you.
Casting: Flame Tongue
Confirm with . or Enter, or press ? or * to list all spells.
Aiming: Flame Tongue
Press: ? - help, Shift-Dir - straight line, f/p - adder
Aim: an adder (moderately wounded, inner flame)
The flame tongue hits the adder.
The adder explodes!
The fiery explosion engulfs you!
Ouch! That really hurt!
You die...

.............# #>.....)
.........##.# #.......
.##############.# #.......
........#######.#####.......
............................
#.........#######.###........
#.......%.#######..##........
#.........§§§........†.......
........#§§@................
##+######.§§.........#.#####
##########...#......
##..#.##### ...#.# ##..#.#
#..#.# #..#.# #..#.#


There were no monsters in sight!

Vanquished Creatures
  3 gnolls
  An adder (D:2)
  A worm (D:1)
  2 giant geckos
  6 goblins
  3 hobgoblins (D:1)
  2 bats (D:1)
  3 giant cockroaches (D:1)
  6 kobolds
  5 rats
32 creatures vanquished.

Vanquished Creatures (others)
  A kobold (D:2)
1 creature vanquished.

Grand Total: 33 creatures vanquished

Notes
Turn   | Place    | Note
--------------------------------------------------------------
     0 | D:1      | dvd, the Deep Elf Fire Elementalist, began the quest for the Orb.
     0 | D:1      | Reached XP level 1. HP: 10/10 MP: 5/5
   347 | D:1      | Reached XP level 2. HP: 9/15 MP: 3/8
   371 | D:1      | Learned a level 2 spell: Throw Flame
  1153 | D:1      | Reached skill level 4 in Fire Magic
  1153 | D:1      | Reached XP level 3. HP: 13/19 MP: 0/11
  1548 | D:2      | Learned a level 3 spell: Inner Flame
  1626 | D:2      | Found a radiant altar of Vehumet.
  1722 | D:2      | Reached XP level 4. HP: 16/24 MP: 1/14
  1829 | D:2      | Became a worshipper of Vehumet
  2232 | D:2      | Killed from afar by an adder

Action                   |  1- 3 |  4- 6 || total
-------------------------+-------+-------++-------
Melee: Unarmed           |     1 |       ||     1
       Dagger            |    11 |     2 ||    13
 Cast: Flame Tongue      |    38 |     2 ||    40
       Throw Flame       |    19 |     4 ||    23
       Inner Flame       |       |     1 ||     1
 Stab: Sleeping          |     4 |       ||     4
  Eat: Bread ration      |     1 |       ||     1
